 Dungeon Crawl Stone Soup version 0.18.1-50-g88ac8fd (webtiles) character file.

1991 varam the Covert (level 9, -3/42 HPs)
             Began as a Spriggan Enchanter on Oct 19, 2016.
             Shot with an arrow by a centaur (8 damage)
             ... on level 7 of the Dungeon.
             The game lasted 00:18:59 (9515 turns).

varam the Covert (Spriggan Enchanter)               Turns: 9515, Time: 00:19:01

Health: -3/42      AC:  4    Str:  4    XL:     9   Next: 1%
Magic:  2/18       EV: 19    Int: 20    God:
Gold:   456        SH:  7    Dex: 16    Spells: 3 memorised, 13 levels left

rFire  . . .     SeeInvis +     a - +1 dagger
rCold  . . .     Gourm    +     b - +1 robe
rNeg   . . .     Faith    .     J - +2 buckler
rPois  .         Spirit   .     (helmet restricted)
rElec  .         Dismiss  .     m - +0 cloak
rCorr  .         Reflect  .     (gloves unavailable)
SustAt .         Harm     .     (boots unavailable)
MR     +....                    u - amulet of the gourmand
Stlth  +++++.....               (no ring)
                                F - ring of flight

@: very quick, somewhat resistant to hostile enchantments, quite stealthy
A: unfitting armour, see invisible, herbivore 3, speed 3, slow metabolism 2
a: Evoke Flight


You were on level 7 of the Dungeon.
You were not hungry.

You visited 1 branch of the dungeon, and saw 8 of its levels.

You collected 456 gold pieces.

Inventory:

Hand Weapons
 a - a +1 dagger (weapon)
 j - a cursed -3 dagger
 p - a +1 dagger of flaming
 v - a cursed -3 short sword
Armour
 b - a +1 robe (worn)
 m - a +0 cloak (worn)
 J - a +2 buckler (worn)
Jewellery
 l - a +4 ring of strength {unknown}
 u - an amulet of the gourmand (around neck)
 F - a ring of flight (left hand)
 K - an uncursed ring of protection from fire {unknown}
Scrolls
 e - 4 scrolls of remove curse
 f - 3 scrolls of amnesia
 i - 4 scrolls of fear
 o - 3 scrolls of noise
 r - 3 scrolls of blinking
 t - 2 scrolls of magic mapping
 x - 3 scrolls of enchant armour
 y - a scroll of recharging {unknown}
 B - 4 scrolls of teleportation {unknown}
 C - 2 scrolls of enchant weapon {unknown}
 I - a scroll of fog {unknown}
 L - a scroll of identify
Potions
 g - 5 potions of curing
 h - 3 potions of degeneration {unknown}
 k - a potion of mutation {unknown}
 n - 3 potions of heal wounds {unknown}
 q - a potion of ambrosia {unknown}
 s - a potion of brilliance {unknown}
 w - a potion of haste {unknown}
 A - 3 potions of flight {unknown}
 D - a potion of might {unknown}
 E - 2 potions of beneficial mutation {unknown}
 G - a potion of cancellation {unknown}
 H - a potion of agility {unknown}
Books
 c - a book of Maledictions

   Spells                             Type                      Level
   a - Corona                         Hexes                        1
   b - Ensorcelled Hibernation        Hexes/Ice                    2
   c - Confuse                        Hexes                        3
   d - Tukima's Dance                 Hexes                        3
   e - Dazzling Spray                 Conjuration/Hexes            3
Comestibles
 d - a bread ration
 z - 2 fruits


   Skills:
 + Level 2.2 Fighting
 - Level 6.1 Short Blades
 + Level 5.3 Dodging
 - Level 9.8 Stealth
 - Level 5.5 Spellcasting
 - Level 8.3 Hexes


You had 13 spell levels left.
You knew the following spells:

 Your Spells              Type           Power        Failure   Level  Hunger
a - Ensorcelled Hibernat  Hex/Ice        ###...       6%          2    None
b - Corona                Hex            #####..      1%          1    None
c - Confuse               Hex            #####...     1%          3    ##.....


Dungeon Overview and Level Annotations

Branches:
Dungeon (8/15)
 Temple: D:4-7         Lair: D:8-11

Altars:
Cheibriados
Okawaru
Zin


Innate Abilities, Weirdness & Mutations

You are tiny and cannot use many weapons and most armour.
You have supernaturally acute eyesight.
You are a herbivore.
You cover ground extremely quickly.
You need consume almost no food.


Message History

You hit the centaur.
The centaur is lightly wounded.
You block the centaur's attack.
You hit the centaur but do no damage.
The centaur is lightly wounded.
The centaur hits you with an uncursed flail!
You hit the centaur but do no damage.
The centaur is lightly wounded.
The centaur completely misses you.
The centaur unwields an uncursed flail.
The centaur wields an uncursed shortbow.
The centaur shoots an arrow.
The arrow misses you.
You see here an arrow.
You start resting.
The centaur shoots an arrow.
The arrow hits you.
* * * LOW HITPOINT WARNING * * *
You see here a robe.
The centaur shoots an arrow.
The arrow hits you!
* * * LOW HITPOINT WARNING * * *
The centaur shoots an arrow.
The arrow hits you!
You die...

.##...##.....(...#
.##.#..#...#[###c####
.##.#....#).........#
....#........c###.#.#
#####.###..(...#..#'###
..# #.......#.........#
#.####.#.#.#.#.#..[...##
#....%>..)..............#
######..........@.......o
######..###......#.# ####
#...).# #......# . ^..#
#.#...######+### ...#
#†#.......## #.Z ...#
#.÷........# .o ...#
###........# ..
...#######........# .## #
...'..............# Z.#.#


You could see a centaur.

Vanquished Creatures
  Grinder (D:4)
  Duvessa (D:4)
  An orc warrior (D:7)
  2 sky beasts
  2 giant frogs
  A gnoll sergeant (D:6)
  Dowan (D:4)
  4 killer bees (D:7)
  A howler monkey (D:4)
  A crimson imp (D:5)
  3 hounds
  A giant frog skeleton (D:7)
  3 jellies
  4 orc priests
  3 centaur skeletons
  3 iguanas
  4 worker ants
  Natasha (D:4)
  3 orc wizards
  Ijyb (D:2)
  A hound skeleton (D:6)
  A worker ant zombie (D:6)
  5 adders
  5 gnolls
  2 oozes
  3 worms
  2 dart slugs
  7 giant geckos
  15 orcs
  3 giant cockroaches
  20 goblins
  10 hobgoblins
  14 jackals
  7 kobolds
  2 quokkas
  9 bats
  5 giant newts
  2 quokka skeletons
  9 rats
163 creatures vanquished.

Notes
Turn   | Place    | Note
--------------------------------------------------------------
     0 | D:1      | varam the Spriggan Enchanter began the quest for the Orb.
     0 | D:1      | Reached XP level 1. HP: 9/9 MP: 5/5
   704 | D:1      | Reached XP level 2. HP: 10/13 MP: 6/6
   708 | D:1      | Learned a level 2 spell: Ensorcelled Hibernation
   788 | D:2      | Noticed Ijyb
   795 | D:2      | Killed Ijyb
   795 | D:2      | Reached skill level 5 in Stealth
   795 | D:2      | Reached XP level 3. HP: 16/16 MP: 5/8
   928 | D:2      | Found a glowing silver altar of Zin.
  1009 | D:2      | Found a snail-covered altar of Cheibriados.
  1481 | D:2      | Reached skill level 6 in Stealth
  1528 | D:2      | Reached XP level 4. HP: 21/21 MP: 6/9
  1539 | D:2      | Learned a level 3 spell: Confuse
  2630 | D:3      | Found an iron altar of Okawaru.
  3274 | D:3      | Reached XP level 5. HP: 24/24 MP: 7/10
  3502 | D:4      | Reached skill level 7 in Stealth
  3892 | D:4      | Noticed Natasha
  4452 | D:4      | Reached skill level 8 in Stealth
  4452 | D:4      | Reached XP level 6. HP: 23/28 MP: 5/11
  4484 | D:5      | Entered Level 5 of the Dungeon
  4563 | D:5      | Reached skill level 5 in Short Blades
  5012 | D:4      | Noticed Grinder
  5359 | D:4      | Killed Natasha
  5359 | D:4      | Reached skill level 9 in Stealth
  5726 | D:4      | Killed Grinder
  5726 | D:4      | Reached XP level 7. HP: 22/32 MP: 9/12
  5839 | D:4      | Noticed Dowan
  5842 | D:4      | Noticed Duvessa
  5853 | D:4      | Killed Dowan
  5916 | D:4      | Killed Duvessa
  6286 | D:6      | Reached skill level 5 in Hexes
  7190 | D:6      | Reached XP level 8. HP: 29/36 MP: 7/14
  8832 | D:7      | Reached skill level 5 in Spellcasting
  8992 | D:7      | Reached skill level 1 in Fighting
  9450 | D:7      | Reached skill level 5 in Dodging
  9450 | D:7      | Reached XP level 9. HP: 24/42 MP: 3/18
  9515 | D:7      | Shot with an arrow by a centaur

Skill      XL: |  1  2  3  4  5  6  7  8 |
---------------+-------------------------+-----
Short Blades   | 2 3 4 6 |  6.1
Stealth        | 5 6 8 9 |  9.8
Spellcasting   | 3 5 |  5.5
Hexes          | 6 8 |  8.3
Fighting       | 2 |  2.2
Dodging        | 5 |  5.3

Action                   |  1- 3 |  4- 6 |  7- 9 || total
-------------------------+-------+-------+-------++-------
Melee: Dagger            |    94 |   188 |   283 ||   565
 Cast: Corona            |     6 |       |       ||     6
       Ensorcelled Hiber |    14 |    47 |    16 ||    77
       Confuse           |       |    19 |    58 ||    77
  Use: Scroll            |       |       |     7 ||     7
 Stab: Sleeping          |    22 |    46 |    18 ||    86
       Distracted        |       |     2 |       ||     2
       Confused          |       |     9 |    28 ||    37
  Eat: Pizza             |       |     1 |       ||     1
       Bread ration      |       |     2 |     1 ||     3
       Fruit             |       |       |     1 ||     1
Armor: Robe              |    15 |    22 |    21 ||    58
Dodge: Dodged            |    66 |   114 |   128 ||   308
Block: Buckler           |       |       |     6 ||     6
